 Dungeon Crawl Stone Soup version 0.31.0-9-g3a7656b989 (webtiles) character file.

Game seed: 6216298413732717389

35 qw the Shooter (level 3, 0/18 HPs)
             Began as a Spriggan Hunter on Feb 2, 2024.
             Succumbed to an adder's poison
             ... on level 2 of the Dungeon.
             The game lasted 00:00:03 (1038 turns).

qw the Shooter (Spriggan Hunter)                    Turns: 1038, Time: 00:00:03

Health: 0/18       AC:  2    Str:  7    XL:     3   Next: 17%
Magic:  4/4        EV: 19    Int: 10    God:
Gold:   68         SH:  0    Dex: 20    Spells: 2/2 levels left

rFire   . . .        a - +0 shortbow
rCold   . . .        (shield currently unavailable)
rNeg    . . .        c - +0 robe
rPois   .            (helmet restricted)
rElec   .            (no cloak)
rCorr   .            (gloves unavailable)
SInv    +            (boots unavailable)
Will    .....        (no amulet)
Stlth   ++           (no ring)
HPRegen 0.23/turn    (no ring)
MPRegen 0.09/turn

%: no passive effects
@: lethally poisoned (0 -> -1), very quick
A: very small, no large weapons, unfitting armour, see invisible, speed 3
a: no special abilities


You were on level 2 of the Dungeon.
You visited 1 branch of the dungeon, and saw 2 of its levels.

You collected 116 gold pieces.
You spent 48 gold pieces at shops.


Innate Abilities, Weirdness & Mutations

You are very small and have problems with some larger weapons.
You are too small for most types of armour.
You have supernaturally acute eyesight. (SInv)
You cover ground extremely quickly. (Speed+++)


   Skills:
 - Level 1.5 Fighting
 + Level 4.5 Ranged Weapons
 - Level 4.0 Dodging
 - Level 1.5 Stealth


You had 2 spell levels left.
You didn't know any spells.
Your spell library was empty.

Inventory:

Hand Weapons
 a - a +0 shortbow (weapon)
Armour
 c - a +0 robe (worn)
Potions
 j - a potion of might {unknown}
 k - a potion of haste {unknown}

Dungeon Overview and Level Annotations

Branches:
Dungeon (2/15)

Altars:

Shops:
D:1 *([([


Message History

The adder bites you.
You are poisoned.
The adder poisons you! The adder misses you.
You shoot an arrow. The arrow misses the adder.
The arrow barely misses the hobgoblin.
You feel sick. The adder closely misses you.
You shoot an arrow. The arrow barely misses the adder.
The arrow hits the hobgoblin.
The hobgoblin is almost dead.
You feel sick. The adder barely misses you. The adder misses you.
You shoot an arrow. The arrow completely misses the adder.
The arrow hits the hobgoblin but does no damage.
The hobgoblin is almost dead.
You feel sick.
You are no longer poisoned.
The adder closely misses you. x2
You shoot an arrow. The arrow hits the adder.
The adder is moderately wounded.
The adder bites you but does no damage.
You shoot an arrow. The arrow closely misses the adder.
The arrow hits the hobgoblin.
You kill the hobgoblin!
The adder bites you.
You are lethally poisoned!
The adder poisons you! The adder closely misses you.
You shoot an arrow. The arrow hits the adder!
You kill the adder!
You feel sick.
You have reached level 3!
Your experience leads to an increase in your attributes!
Increase (S)trength, (I)ntelligence, or (D)exterity?
You feel agile. x2
There is a lethal amount of poison in your body!
You feel sick.
There is a lethal amount of poison in your body!
You feel sick.
There is a lethal amount of poison in your body!
You feel sick.
There is a lethal amount of poison in your body!
You die...

#.#. #... #...
#..# #..# #..#
#..#
###..########
#[...@'.....#
#.#.#.#....[#
#.#...#######
##########
#.#.#..#
.........#
#.#.##.##
.........#
#.#.##..#+#..#
.........#
#.#.##......#
.........#
#.#.#.%######
.........#
#.#.#.##


There were no monsters in sight!

Vanquished Creatures
  An adder (D:2)
  A dart slug (D:1)
  A ribbon worm (D:2)
  4 ball pythons (D:1)
  An endoplasm (D:1)
  2 giant cockroaches
  2 hobgoblins
  A bat (D:1)
  2 frilled lizards
  4 kobolds (D:1)
  2 rats (D:1)
21 creatures vanquished.

Notes
Turn   | Place    | Note
-------+----------+-------------------------------------------
     0 | D:1      | qw the Spriggan Hunter began the quest for the Orb.
     0 | D:1      | Reached XP level 1. HP: 10/10 MP: 2/2
     0 | D:1      | 0 ||| qw: Version: 0.3-a-155-g5e7d8dd
     0 | D:1      | 0 ||| qw: Game counter: 1384
     0 | D:1      | 0 ||| qw: Melee chars always use a shield: true
     0 | D:1      | 0 ||| qw: God list: Okawaru
     0 | D:1      | 0 ||| qw: Allow faded altars: false
     0 | D:1      | 0 ||| qw: Do Orc after clearing Dungeon:15 true
     0 | D:1      | 0 ||| qw: Do second Lair branch before Depths: true
     0 | D:1      | 0 ||| qw: Lair rune preference: random
     0 | D:1      | 0 ||| qw: Goals: Normal
     0 | D:1      | 0 ||| PLANNING D:1-11
    93 | D:1      | Reached skill level 3 in Dodging
   141 | D:1      | Found Asmeuxk Ruoc's Weapon Boutique.
   183 | D:1      | Found Purholev's Assorted Antiques.
   185 | D:1      | Reached XP level 2. HP: 14/14 MP: 3/3
   187 | D:1      | 187 ||| SHOPLISTING ivory wand (96 gold, have 61).
   187 | D:1      | 187 ||| BUYING scroll labelled VUCOGE NUE (24 gold).
   187 | D:1      | Bought a scroll labelled VUCOGE NUE for 24 gold pieces
   187 | D:1      | 187 ||| BUYING scroll labelled ZERANA SEHAT (24 gold).
   187 | D:1      | Bought a scroll labelled ZERANA SEHAT for 24 gold pieces
   471 | D:1      | Found Taiciw's Antique Armour Emporium.
   575 | D:1      | Found Oklytosk's Antique Weapon Shop.
   581 | D:1      | 581 ||| SHOPLISTING glowing robe (103 gold, have 44).
   625 | D:1      | 625 ||| SHOPLISTING iridescent sling (162 gold, have 44).
   654 | D:1      | Found Vink's Armour Shoppe.
   839 | D:1      | 839 ||| DROPPING ring of wizardry.
   840 | D:1      | 840 ||| READING scroll labelled UDINAPRYANOA.
   841 | D:1      | 841 ||| READING scroll labelled VUCOGE NUE.
   845 | D:1      | 845 ||| READING 2 scrolls labelled ZERANA SEHAT.
   845 | D:1      | 845 ||| IDENTIFYING glowing white potion
   846 | D:1      | 846 ||| READING scroll of identify.
   846 | D:1      | 846 ||| IDENTIFYING black potion
   847 | D:1      | 847 ||| READING scroll labelled CEONUSHROSEXT.
   848 | D:1      | 848 ||| DROPPING scroll of butterflies.
   849 | D:1      | 849 ||| DROPPING potion of berserk rage.
   850 | D:1      | 850 ||| DROPPING potion of degeneration.
  1034 | D:2      | HP: 3/14 [poisoned by an adder]
  1035 | D:2      | Reached XP level 3. HP: 4/18 MP: 4/4
  1037 | D:2      | HP: 1/18 [poisoned by an adder]
  1038 | D:2      | Succumbed to an adder's poison

Levels and vault maps discovered:
D:1:      eino_arrival_water_cross, layout_basic, serial_rivers,
          chequers_serial_rivers_small_a, chequers_serial_rivers_micro_c,
          chequers_serial_rivers_room_b, chequers_serial_rivers_marsh,
          serial_shops, shop, shop, shop_fountains, shop, nicolae_shop_peninsula
D:2:      layout_basic, serial_shops, shop, minmay_divided_ellipse

Skill      XL: |  1  2 |
---------------+-------+-----
Dodging        | 3 4 |  4.0
Fighting       | |  1.5
Ranged Weapons | |  4.5
Stealth        | |  1.5

Action                     || total
---------------------------++-------
   Fire: Shortbow          ||    62
    Use: Scroll            ||     5
 Armour: Robe              ||    12
  Dodge: Dodged            ||    30

Table legend:
 A = Non-vault XP
 B = Vault XP
 C = Vault XP percentage of total XP
 D = Non-vault monster count
 E = Vault monster count
 F = Vault count percentage of total count
                 A         B        C        D         E       F
            +---------+---------+-------+---------+---------+-------
      Total |      35 |      16 |  31.4 |      19 |       2 |   9.5
            +---------+---------+-------+---------+---------+-------
        D:1 |      28 |       0 |   0.0 |      16 |       0 |   0.0
        D:2 |       7 |      16 |  69.6 |       3 |       2 |  40.0
            +---------+---------+-------+---------+---------+-------
